 Dungeon Crawl Stone Soup version 0.31.0-7-gf635a9b802 (webtiles) character file.

Game seed: 6443699143171498146

347 Arcadio the Digger (level 6, -2/32 HPs)
             Began as a Gargoyle Earth Elementalist on Jan 23, 2024.
             Slain by diceflayer's ghost (7 damage)
             ... on level 4 of the Dungeon.
             The game lasted 00:06:56 (3096 turns).

Arcadio the Digger (Gargoyle Earth Elementalist)    Turns: 3096, Time: 00:06:56

Health: -2/32      AC: 15    Str: 12    XL:     6   Next: 59%
Magic:  2/11       EV: 10    Int: 17    God:
Gold:   182        SH:  0    Dex: 10    Spells: 0/12 levels left

rFire   . . .        n - +1 dagger (protect)
rCold   . . .        (no shield)
rNeg    + . .        h - +0 ring mail
rPois   ∞            (no helmet)
rElec   +            (no cloak)
rCorr   .            m - +0 pair of gloves
SInv    .            (no boots)
Will    .....        (no amulet)
Stlth   +            c - ring of wizardry
HPRegen 0.25/turn    u - +4 ring of protection
MPRegen 0.12/turn

%: wizardry (x1)
@: no status effects
A: sickness immunity, AC +4, negative energy resistance 1, electricity
resistance, torment resistance 1, petrification resistance
a: no special abilities


You were on level 4 of the Dungeon.
You visited 1 branch of the dungeon, and saw 4 of its levels.

You collected 182 gold pieces.

Inventory:

Hand Weapons
 g - a +0 whip
 n - a +1 dagger of protection (weapon)
Armour
 a - a +0 robe
 h - a +0 ring mail (worn)
 i - a +0 kite shield of protection
 l - a +0 chain mail
 m - a +0 pair of gloves (worn)
 p - a +1 robe of resistance
Jewellery
 c - a ring of wizardry (left hand)
 u - a +4 ring of protection (right hand)
Scrolls
 d - 2 scrolls of fog
 f - 2 scrolls of immolation
 o - 5 scrolls of teleportation {unknown}
 r - 2 scrolls of revelation {unknown}
 s - a scroll of enchant weapon {unknown}
 t - a scroll of vulnerability {unknown}
 v - a scroll of fear {unknown}
Potions
 b - a potion of magic
 e - 2 potions of heal wounds
 j - a potion of curing
 k - a potion of berserk rage {unknown}
 q - a potion of mutation {unknown}
 w - a potion of degeneration {unknown}


   Skills:
 + Level 3.6 Armour
 - Level 2.0 Dodging
 - Level 2.1 Stealth
 + Level 3.9 Spellcasting
 - Level 1.1 Conjurations
 + Level 5.7 Earth Magic


You couldn't memorise any spells.
You knew the following spells:

 Your Spells              Type           Power      Damage    Failure   Level
a - Sandblast             Erth           44%        2d11      1%          1
b - Stone Arrow           Conj/Erth      28%        3d8       11%         3
c - Brom's Barrelling Bo  Conj/Erth      14%        2d4       32%         4
d - Petrify               Alch/Erth      13%        N/A       38%         4

Your spell library contained the following spells:

 Spells                   Type           Power      Damage    Failure   Level
 Passwall                 Erth           22%        N/A       4%          3
 Shock                    Conj/Air       20%        1d4       11%         1
 Call Imp                 Summ           6%         N/A       21%         2
 Swiftness                Air            3%         N/A       38%         3
 Airstrike                Air            1%         2d(1-17)  77%         4
 Summon Hydra             Summ           1%         N/A       100%        7
 Sublimation of Blood     Necr           Unusable   N/A       N/A         2

Dungeon Overview and Level Annotations

Branches:
Dungeon (4/15)
 Temple: D:4-7

Altars:

Shops:
D:2 [

Annotations:
D:4 diceflayer's ghost, amateur MiFi


Innate Abilities, Weirdness & Mutations

You are immune to sickness and miasma.
Your stone body is resilient. (AC +4)
You are immune to poison.
You resist negative energy. (rN+)
You are resistant to electric shocks. (rElec)
You are resistant to unholy torment.
You are immune to petrification.


Message History

You are caught in a web!
There is a web here.
The web tears apart.
Casting: Sandblast (safe; 1% risk of failure)
Confirm with . or Enter, or press ? or * to list all spells.
Aiming: Sandblast (safe; 1% risk of failure)
Press: ? - help, Shift-Dir - straight line, f - ribbon worm
Aim: a ribbon worm (94% to hit)
The blast of sand hits the ribbon worm!
You kill the ribbon worm!
You open the door.
Casting: Sandblast (safe; 1% risk of failure)
Confirm with . or Enter, or press ? or * to list all spells.
Aiming: Stone Arrow (quite dangerous; 11% risk of failure)
Press: ? - help, Shift-Dir - straight line, f - diceflayer's ghost
Aim: diceflayer's ghost (72% to hit)
The stone arrow misses diceflayer's ghost.
The stone arrow hits the adder!!
You kill the adder!
Diceflayer's ghost barely misses you.
Casting: Stone Arrow (quite dangerous; 11% risk of failure)
Confirm with . or Enter, or press ? or * to list all spells.
Aiming: Stone Arrow (quite dangerous; 11% risk of failure)
Press: ? - help, Shift-Dir - straight line, f/p - diceflayer's ghost
Aim: diceflayer's ghost (72% to hit)
The stone arrow hits diceflayer's ghost!
Diceflayer's ghost is moderately damaged.
Diceflayer's ghost hits you!
Casting: Stone Arrow (quite dangerous; 11% risk of failure)
Confirm with . or Enter, or press ? or * to list all spells.
Aiming: Stone Arrow (quite dangerous; 11% risk of failure)
Press: ? - help, Shift-Dir - straight line, f/p - diceflayer's ghost
Aim: diceflayer's ghost (moderately damaged, 72% to hit)
The stone arrow misses diceflayer's ghost.
Diceflayer's ghost hits you!
* * * LOW HITPOINT WARNING * * *
Diceflayer's ghost hits you but does no damage.
Diceflayer's ghost attacks as it pursues you!
Diceflayer's ghost hits you!
You die...

............####...##.#..###.#..#
...................###.....#...##
.........$........## ##......#.##
.........$........####.......#.#≈
...................##..........##
...............<.................
...........[.......#............#
........#.###......#............#
...##.....# #...@...........†.###
........########W..............##
...#....#~$~~~~'..........##....#
.. #....########................#
# .....# .......###.....#.......
####..###..##..... #..####......
.##...#.... ####..# #...##......#
..#........ #..# #.........###
............#####.## ##.....###


You could see diceflayer's ghost.

Vanquished Creatures
  An ogre (D:3)
  A bombardier beetle (D:4)
  A hound (D:4)
  An iguana (D:4)
  3 gnolls
  8 adders
  4 ribbon worms
  A dart slug (D:2)
  An orc (D:3)
  8 ball pythons
  7 endoplasms
  4 giant cockroaches
  A goblin (D:4)
  7 hobgoblins
  3 quokkas (D:1)
  6 bats
  3 frilled lizards
  7 kobolds
  5 rats
72 creatures vanquished.

Notes
Turn   | Place    | Note
-------+----------+-------------------------------------------
     0 | D:1      | Arcadio the Gargoyle Earth Elementalist began the quest for
                  | the Orb.
     0 | D:1      | Reached XP level 1. HP: 10/10 MP: 3/3
    89 | D:1      | Reached XP level 2. HP: 15/15 MP: 0/5
   201 | D:1      | Reached skill level 4 in Earth Magic
   971 | D:2      | Reached XP level 3. HP: 18/19 MP: 4/6
  1045 | D:2      | Reached skill level 1 in Armour
  1152 | D:2      | Found Waisk's Antique Armour Emporium.
  1246 | D:2      | Reached XP level 4. HP: 24/24 MP: 4/8
  1367 | D:1      | Learned a level 3 spell: Stone Arrow
  1372 | D:1      | Learned a level 4 spell: Brom's Barrelling Boulder
  1881 | D:3      | Reached XP level 5. HP: 28/28 MP: 5/9
  2034 | D:3      | Found a faded altar of an unknown god.
  2056 | D:3      | Noticed an eye of devastation
  2057 | D:3      | Noticed a glass eye
  2059 | D:3      | Noticed a great orb of eyes
  2059 | D:3      | Noticed a great orb of eyes
  2426 | D:3      | Noticed an ogre
  2431 | D:3      | Killed an ogre
  2432 | D:3      | Reached skill level 5 in Earth Magic
  2432 | D:3      | Reached XP level 6. HP: 32/32 MP: 4/11
  2871 | D:4      | Learned a level 4 spell: Petrify
  3059 | D:4      | Found a runed translucent door.
  3063 | D:4      | Noticed diceflayer's ghost (amateur MiFi)
  3096 | D:4      | Slain by diceflayer's ghost

Illustrated notes

Levels and vault maps discovered:
D:1:      mainiacjoe_arrival_reflecting_pool, layout_basic, serial_rivers,
          chequers_serial_rivers_small_b, chequers_serial_rivers_micro_d,
          chequers_serial_rivers_room_a, chequers_serial_rivers_marsh,
          chequers_serial_rivers_micro_c
D:2:      layout_rooms, serial_shops, shop, chequers_serial_rivers_room_b,
          hangedman_decor_riveting, minmay_circle_x
D:3:      layout_rooms, hellmonk_ecumenical_altar_watching_god
D:4:      layout_cave_pools, ebering_ghost_sewer_d,
          chequers_serial_rivers_micro_c, kennysheep_nondescript

Skill      XL: |  1  2  3  4  5 |
---------------+----------------+-----
Earth Magic    | 4 5 |  5.7
Dodging        | 2 |  2.0
Armour         | 1 2 3 |  3.6
Spellcasting   | 3 |  3.9
Stealth        | |  2.1
Conjurations   | |  1.1

Action                     |  1- 3 |  4- 6 || total
---------------------------+-------+-------++-------
  Melee: Unarmed           |     3 |       ||     3
         Whip              |    35 |       ||    35
         Punch             |     1 |       ||     1
         Dagger            |       |    17 ||    17
   Cast: Sandblast         |    42 |    60 ||   102
         Stone Arrow       |       |     4 ||     4
    Use: Scroll            |     4 |       ||     4
   Stab: Sleeping          |     1 |       ||     1
 Armour: Robe              |    16 |       ||    16
         Ring mail         |    27 |    59 ||    86
  Dodge: Dodged            |    40 |    22 ||    62
